 Dungeon Crawl Stone Soup version 0.18-a0-1229-ge9a1a01 (webtiles) character file.

205 MrRokkomies the Skirmisher (level 5, -13/48 HPs)
             Began as a Hill Orc Abyssal Knight on Feb 4, 2016.
             Was a Believer of Lugonu.
             Mangled by Pikel
             ... wielding a +1 whip of electrocution
              (17 damage)
             ... on level 4 of the Dungeon.
             The game lasted 00:06:29 (3309 turns).

MrRokkomies the Skirmisher (HOAK)                   Turns: 3309, Time: 00:06:31

Health: -13/48     AC:  9    Str: 23    XL:     5   Next: 83%
Magic:  6/6        EV:  8    Int: 12    God:    Lugonu [**....]
Gold:   199        SH:  0    Dex: 10    Spells: 0 memorised, 4 levels left

rFire  . . .     SeeInvis .     a - +1 hand axe
rCold  . . .     Gourm    .     k - +0 chain mail
rNeg   . . .     Faith    .     (no shield)
rPois  .         Spirit   .     (no helmet)
rElec  .         Dismiss  .     (no cloak)
rCorr  .         Reflect  .     (no gloves)
SustAt .         Harm     .     (no boots)
MR     .....                    (no amulet)
Stlth  ..........               (no ring)
                                (no ring)

@: mighty, not resistant to hostile enchantments, extremely unstealthy
A: strong 1
a: Depart the Abyss, Bend Space, Renounce Religion


You were on level 4 of the Dungeon.
You worshipped Lugonu.
Lugonu was pleased with you.
You were not hungry.

You visited 1 branch of the dungeon, and saw 4 of its levels.
You visited the Abyss 1 time.

You collected 199 gold pieces.

Inventory:

Hand Weapons
 a - a +1 hand axe (weapon)
Missiles
 j - 14 poisoned needles
Armour
 k - a +0 chain mail (worn)
Scrolls
 b - 2 scrolls of identify
Potions
 e - a potion of lignification
Comestibles
 c - 3 bread rations
 d - a meat ration
 g - a slice of pizza
 h - 2 fruits


   Skills:
 - Level 5.5 Fighting
 * Level 5.5 Axes
 * Level 3.1 Armour
 - Level 0.7 Dodging
 - Level 2.4 Invocations


You had 4 spell levels left.
You didn't know any spells.

Dungeon Overview and Level Annotations

Branches:
Dungeon (4/15)
 Temple: D:4-7

Altars:
Ashenzari
Makhleb
Qazlal
Vehumet
Zin

Annotations:
D:4 Pikel


Innate Abilities, Weirdness & Mutations

Your muscles are strong. (Str +2)


Message History

Pikel hits you but does no damage.
You are electrocuted!
Your chain mail prevents you from hitting Pikel.
Pikel hits you with a whip of electrocution.
You are electrocuted!
* * * LOW HITPOINT WARNING * * *
You slash Pikel!
Pikel is moderately wounded.
Pikel hits you with a whip of electrocution.
* * * LOW HITPOINT WARNING * * *
You slash Pikel!
Pikel is heavily wounded.
Pikel hits you with a whip of electrocution.
* * * LOW HITPOINT WARNING * * *
You slash Pikel!
Pikel is almost dead.
Pikel says, "Slavery isn't that bad."
Pikel hits you with a whip of electrocution!
* * * LOW HITPOINT WARNING * * *
You are electrocuted!
You die...

.. ####.#.......# .#
##..#.......#
#...#...[...#
#.####.....### # #.#
##...##.## .# #.#
#####...#####...
#.#### #..........>...
#....###.....##.......
####.@Kpl.............
#####p#####.#...###
#...# ##..?.....
.###.#p####..#######
........l....##
####.####..### ....
#l.# #.....$ #..#
#......p#l.#


You could see Pikel, 2 slaves and a giant newt.

Vanquished Creatures
  A slave (D:4)
  A hound (D:3)
  Natasha (thrice) (D:2)
  4 adders
  A worm (D:3)
  8 orcs
  A ball python (D:3)
  7 bats
  2 giant cockroaches
  7 goblins
  7 hobgoblins
  5 kobolds
  A quokka (D:4)
  6 giant newts
  7 rats
61 creatures vanquished.

Vanquished Creatures (others)
  4 gnolls (D:3)
4 creatures vanquished.

Grand Total: 65 creatures vanquished

Notes
Turn   | Place    | Note
--------------------------------------------------------------
     0 | Abyss:1  | MrRokkomies the Hill Orc Abyssal Knight began the quest for the Orb.
     0 | Abyss:1  | Reached XP level 1. HP: 19/19 MP: 2/2
    40 | Abyss:1  | Noticed a ynoxinul
    41 | D:1      | Escaped the Abyss
   211 | D:1      | Reached * piety under Lugonu
   255 | D:1      | Reached skill level 4 in Fighting
   255 | D:1      | Reached XP level 2. HP: 16/27 MP: 3/3
   656 | D:1      | You fall through a shaft!
   698 | D:2      | Noticed Natasha
   706 | D:2      | Noticed a crimson imp
   706 | D:2      | Killed Natasha
   706 | D:2      | Reached XP level 3. HP: 26/34 MP: 4/4
  1291 | D:2      | Noticed Natasha
  1302 | D:2      | Killed Natasha
  1302 | D:2      | Reached XP level 4. HP: 23/41 MP: 5/5
  1460 | D:2      | Reached skill level 5 in Fighting
  1673 | D:2      | Gained mutation: Your muscles are strong. (Str +2) [potion of beneficial mutation]
  1813 | D:2      | Noticed Natasha
  1826 | D:2      | Killed Natasha
  1826 | D:2      | Reached skill level 5 in Axes
  1826 | D:2      | Reached XP level 5. HP: 34/48 MP: 6/6
  2093 | D:3      | Found a stormy altar of Qazlal.
  2321 | D:3      | Found a burning altar of Makhleb.
  2321 | D:3      | Found a shattered altar of Ashenzari.
  2322 | D:3      | Found a radiant altar of Vehumet.
  2642 | D:3      | Reached ** piety under Lugonu
  3016 | D:4      | Found a stormy altar of Qazlal.
  3091 | D:4      | Noticed a slave
  3117 | D:4      | Killed a slave
  3290 | D:4      | Found a glowing silver altar of Zin.
  3290 | D:4      | Noticed a slave
  3291 | D:4      | Noticed a slave
  3291 | D:4      | Noticed a slave
  3292 | D:4      | Noticed Pikel
  3309 | D:4      | Mangled by Pikel

Vault maps used:
D:1:      tarquinn_simple_flora_water_a, minmay_distorted
D:2:      uniq_natasha
D:3:      gammafunk_temple_overflow_claw, first_bread, st_stairs_8,
          nicolae_qazlal_eye_of_the_storm
D:4:      kennysheep_six_static_rooms, marbit_many_paths, old_standard_altar,
          lemuel_crystal_altar, minmay_hedge_maze, corexii_hall_statues_i,
          minmay_misc_feat_chi, uniq_pikel

Action                   |  1- 3 |  4- 6 || total
-------------------------+-------+-------++-------
Melee: Hand axe          |    68 |   171 ||   239
Invok: Depart the Abyss  |     1 |       ||     1
  Use: Scroll            |     3 |     3 ||     6
       Potion            |       |     3 ||     3
  Eat: Chunk             |     1 |     7 ||     8
